 Dungeon Crawl Stone Soup version 0.16.0-17-g811c1d7 (webtiles) character file.

49 Chiseanne the Skirmisher (level 3, -4/33 HPs)
             Began as a Demonspawn Wanderer on Mar 20, 2015.
             Was an Initiate of Makhleb.
             Slain by a gnoll
             ... wielding a +0 halberd
              (7 damage)
             ... on level 2 of the Dungeon.
             The game lasted 00:03:19 (1015 turns).

Chiseanne the Skirmisher (Demonspawn Wanderer)      Turns: 1015, Time: 00:03:19

Health: -4/33      AC:  8    Str: 13    XL:     3   Next: 51%
Magic:  4/4        EV: 11    Int: 12    God:    Makhleb [......]
Gold:   56         SH:  0    Dex: 13    Spells: 0 memorised, 2 levels left

rFire  . . .     SeeInvis .     c - +0 falchion
rCold  . . .     Clarity  +     i - +1 ring mail
rNeg   . . .     SustAb   .     (no shield)
rPois  .         Gourm    .     (helmet restricted)
rElec  .         Spirit   .     (no cloak)
rCorr  .         Warding  .     (no gloves)
rMut   .         Stasis   .     (no boots)
MR     .....                    j - amulet of clarity
Stlth  +.........               (no ring)
                                (no ring)

@: lethally poisoned (-4 -> -7), not resistant to hostile enchantments, very
unstealthy
A: antennae 1, yellow scales 1
a: Renounce Religion


You were on level 2 of the Dungeon.
You worshipped Makhleb.
Makhleb was noncommittal.
You were hungry.

You visited 1 branch of the dungeon, and saw 2 of its levels.

You collected 56 gold pieces.

Inventory:

Hand weapons
 c - a +0 falchion (weapon)
Armour
 i - a +1 ring mail (worn)
Jewellery
 j - an amulet of clarity (around neck)
Scrolls
 a - a scroll of fear
 e - 2 scrolls of enchant armour
Potions
 b - a potion of berserk rage
 d - a potion of experience {unknown}
 g - a potion of haste {unknown}
Comestibles
 f - a bread ration


   Skills:
 * Level 5.0 Fighting
   Level 1.0 Polearms
 * Level 1.8 Dodging
 - Level 1.0 Stealth
 - Level 1.0 Unarmed Combat
   Level 2.0 Evocations


You had 2 spell levels left.
You didn't know any spells.

Dungeon Overview and Level Annotations

Branches:
Dungeon (2/15)

Altars:
Makhleb
Sif Muna


Innate Abilities, Weirdness & Mutations

You have a pair of small antennae on your head.
You are partially covered in yellow scales (AC +2).


Message History

The adder poisons you! The gnoll closely misses you.
You hit the adder!
You kill the adder!
Makhleb accepts your kill.
Your Fighting skill increases to level 5!
You feel sick. The gnoll misses you.
Things that are here:
an adder corpse; a bat corpse You hit the gnoll.
The gnoll is lightly wounded.
You are feeling hungry.
You feel sick. The gnoll hits you with a halberd!
The gnoll hits you from afar with a halberd!
You barely miss the gnoll.
The gnoll is lightly wounded.
The gnoll hits you with a halberd!
* * * LOW HITPOINT WARNING * * *
The gnoll hits you from afar with a halberd!
You die...

...### ..... ####.#
..w†.#####...).. #.#
..##............. #.#
..##............. #.#
..###............. #.#
..# #..g......... #.#
..# #..........# { #.#
###
#....w..##############.#
#........ggg@...†......#
#......#########.#######
#......# #.# ########
###


You could see a worm and 3 gnolls.

Vanquished Creatures
  An adder (D:2)
  A worm (D:2)
  An ooze (D:1)
  6 bats
  3 goblins (D:1)
  4 hobgoblins
  A ball python (D:1)
  2 giant cockroaches
  A giant gecko (D:1)
  2 giant newts (D:2)
  2 jackals (D:1)
  5 kobolds (D:1)
  7 rats
36 creatures vanquished.

Notes
Turn   | Place    | Note
--------------------------------------------------------------
     0 | D:1      | Chiseanne, the Demonspawn Wanderer, began the quest for the Orb.
     0 | D:1      | Chiseanne set off with: a scroll of fear, a potion of berserk rage, a +0 falchion, a +0 spear, a +0 robe, a bread ration
     0 | D:1      | Reached XP level 1. HP: 19/19 MP: 1/1
   101 | D:1      | Gained mutation: You are partially covered in yellow scales (AC +2). [demonic ancestry]
   101 | D:1      | Reached XP level 2. HP: 20/26 MP: 2/2
   724 | D:2      | Found a deep blue altar of Sif Muna.
   725 | D:2      | Found a burning altar of Makhleb.
   731 | D:2      | Gained mutation: You have a pair of small antennae on your head. [demonic ancestry]
   731 | D:2      | Reached XP level 3. HP: 29/32 MP: 4/4
   753 | D:2      | Became a worshipper of Makhleb the Destroyer
  1012 | D:2      | Reached skill level 5 in Fighting
  1015 | D:2      | Slain by a gnoll

Action                   || total
-------------------------++-------
Melee: Falchion          ||    93
  Use: Scroll            ||     4
